TOP OF THE 1ST |
---|
Baylor Bears batting - Pitching for Mississippi State Bulldogs : RHP Tom Speck | Pitching: RHP Tom Speck | | Batting: RHB Reed Allen | 0-0: Ball 1-0: Ball 2-0: Foul Ball, location: 2F 2-1: Bunt missed! 2-2: Strikes out swinging | Batting: RHB Mike Morrow | 0-0: Called Strike 0-1: Ball 1-1: Swinging Strike 1-2: Foul Ball, location: 2F 1-2: Foul Ball, location: 2F 1-2: Strikes out swinging | Batting: SHB Ryan Roberts | 0-0: Called Strike 0-1: Fly out, F7 (Line Drive, 7D) | Top of the 1st over - 0 runs, 0 hits, 0 errors, 0 left on base; Baylor 0 - Mississippi State 0 | BOTTOM OF THE 1ST |
---|
Mississippi State Bulldogs batting - Pitching for Baylor Bears : RHP José Aguilar | Pitching: RHP José Aguilar | | Batting: RHB Hunter Hudson | 0-0: Swinging Strike 0-1: Ball 1-1: Foul Ball, location: 2F 1-2: Ball 2-2: Hit by Pitch | Batting: SHB Tom Stewart | 0-0: Ball 1-0: Ground out 5-3 (Groundball, 56S) Hunter Hudson to second | Batting: RHB Dan Cross | 0-0: Called Strike 0-1: Swinging Strike 0-2: Fly out, F8 (Flyball, 8RM) | Batting: SHB Jessie Teague | 0-0: Ball 1-0: Ball 2-0: Foul Ball, location: 2F 2-1: Foul Ball, location: 2F 2-2: Ball 3-2: Base on Balls | Batting: RHB Brian Hoover | 0-0: Ball 1-0: Ball 2-0: Swinging Strike 2-1: Ball 3-1: Swinging Strike 3-2: Strikes out swinging | Bottom of the 1st over - 0 runs, 0 hits, 0 errors, 2 left on base; Baylor 0 - Mississippi State 0 | TOP OF THE 2ND |
---|
Baylor Bears batting - Pitching for Mississippi State Bulldogs : RHP Tom Speck | Batting: LHB Sergio García | 0-0: Fly out, F9 (Flyball, 9) | Batting: RHB Richard Jeffries | 0-0: Ball 1-0: Ball 2-0: Ball 3-0: Called Strike 3-1: Ground out 5-3 (Groundball, 56) | Batting: RHB Lloyd Arnette | 0-0: SINGLE (Groundball, 6MD) | Batting: LHB Alan Jones | 0-0: Foul Ball, location: 2F 0-1: Swinging Strike 0-2: Strikes out swinging | Top of the 2nd over - 0 runs, 1 hit, 0 errors, 1 left on base; Baylor 0 - Mississippi State 0 | BOTTOM OF THE 2ND |
---|
Mississippi State Bulldogs batting - Pitching for Baylor Bears : RHP José Aguilar | Batting: RHB Ernesto Sánchez | 0-0: Foul Ball, location: 2F 0-1: Ball 1-1: Ball 2-1: Ball 3-1: Called Strike 3-2: Foul Ball, location: 2F 3-2: SINGLE (Line Drive, 7S) | Batting: SHB Matthew Hughes | 0-0: Ball 1-0: Foul Ball, location: 2F 1-1: Foul Ball, location: 2F 1-2: 2-RUN HOME RUN (Line Drive, 8LXD), Distance : 414 ft | Batting: RHB Héctor Garza | 0-0: SINGLE (Line Drive, 56) | Batting: RHB John O'Brien | 0-0: Ball 1-0: Ball 2-0: Ball 3-0: Foul Ball, location: 2F 3-1: Foul Ball, location: 2F 3-2: Strikes out swinging | Batting: RHB Hunter Hudson | 0-0: Ball 1-0: Called Strike 1-1: Called Strike 1-2: Foul Ball, location: 2F 1-2: Ball 2-2: Foul Ball, location: 2F 2-2: Ball 3-2: Reached on error, E1 (Groundball, 13) Héctor Garza to second | Batting: SHB Tom Stewart | 0-0: Ball 1-0: Ball 2-0: Ball 3-0: Called Strike 3-1: Foul Ball, location: 2F 3-2: Foul Ball, location: 2F 3-2: Foul Ball, location: 2F 3-2: Foul Ball, location: 2F 3-2: Base on Balls Héctor Garza to third Hunter Hudson to second | Batting: RHB Dan Cross | 0-0: Ball 1-0: Fly out, F9 (Flyball, 9S) Runner from 3rd tags up, SCORES, no throw | Batting: SHB Jessie Teague | 0-0: Foul Ball, location: 2F 0-1: Foul Ball, location: 2F 0-2: Strikes out swinging | Bottom of the 2nd over - 3 runs, 3 hits, 1 error, 2 left on base; Baylor 0 - Mississippi State 3 | TOP OF THE 3RD |
---|
Baylor Bears batting - Pitching for Mississippi State Bulldogs : RHP Tom Speck | Batting: RHB Gerald Taylor | 0-0: Reached on error, E5 (Groundball, 56) | Batting: RHB Santiago Hernández | 0-0: Called Strike 0-1: Ball 1-1: Foul Ball, location: 2F 1-2: Ball 2-2: Foul Ball, location: 2F 2-2: Ball 3-2: SINGLE (Groundball, 34D) Gerald Taylor to second | Batting: RHB Reed Allen | 0-0: Called Strike 0-1: Fly out, F6 (Line Drive, 6) | Batting: RHB Mike Morrow | 0-0: SINGLE (Line Drive, 7S) Gerald Taylor to third Santiago Hernández to second Throwing error, E7 Gerald Taylor scores Santiago Hernández to third Mike Morrow to second | Batting: SHB Ryan Roberts | 0-0: SINGLE (Line Drive, 34) Santiago Hernández scores Mike Morrow to third | Batting: LHB Sergio García | 0-0: Grounds into double play, 5-4-3 (Groundball, 5) | Top of the 3rd over - 2 runs, 3 hits, 2 errors, 1 left on base; Baylor 2 - Mississippi State 3 | BOTTOM OF THE 3RD |
---|
Mississippi State Bulldogs batting - Pitching for Baylor Bears : RHP José Aguilar | Batting: RHB Brian Hoover | 0-0: Ball 1-0: Foul Ball, location: 2F 1-1: Foul Ball, location: 2F 1-2: Foul Ball, location: 2F 1-2: Strikes out swinging | Batting: RHB Ernesto Sánchez | 0-0: Called Strike 0-1: Ball 1-1: Foul Ball, location: 2F 1-2: Ball 2-2: Ball 3-2: Foul Ball, location: 2F 3-2: Strikes out looking | Batting: SHB Matthew Hughes | 0-0: Called Strike 0-1: Ball 1-1: Ball 2-1: Fly out, F4 (Flyball, 4D) | Bottom of the 3rd over - 0 runs, 0 hits, 0 errors, 0 left on base; Baylor 2 - Mississippi State 3 | TOP OF THE 4TH |
---|
Baylor Bears batting - Pitching for Mississippi State Bulldogs : RHP Tom Speck | Batting: RHB Richard Jeffries | 0-0: Swinging Strike 0-1: Called Strike 0-2: Foul Ball, location: 2F 0-2: Ball 1-2: Foul Ball, location: 2F 1-2: Strikes out looking | Batting: RHB Lloyd Arnette | 0-0: Ball 1-0: Ground out 4-3 (Groundball, 34) | Batting: LHB Alan Jones | 0-0: Foul Ball, location: 2F 0-1: Swinging Strike 0-2: Ball 1-2: Ball 2-2: Fly out, F3 (Popup, 34S) | Top of the 4th over - 0 runs, 0 hits, 0 errors, 0 left on base; Baylor 2 - Mississippi State 3 | BOTTOM OF THE 4TH |
---|
Mississippi State Bulldogs batting - Pitching for Baylor Bears : RHP José Aguilar | Batting: RHB Héctor Garza | 0-0: Called Strike 0-1: Ball 1-1: Ground out 6-3 (Groundball, 6M) | Pitching: RHP Enrique Bernal | | Batting: RHB John O'Brien | 0-0: Ball 1-0: Fly out, F9 (Flyball, 9S) | Batting: RHB Hunter Hudson | 0-0: Ball 1-0: Ball 2-0: Ball 3-0: Base on Balls | Batting: SHB Tom Stewart | 0-0: Ball 1-0: Called Strike 1-1: Ball Hunter Hudson is caught stealing 2nd base | Bottom of the 4th over - 0 runs, 0 hits, 0 errors, 0 left on base; Baylor 2 - Mississippi State 3 | TOP OF THE 5TH |
---|
Baylor Bears batting - Pitching for Mississippi State Bulldogs : RHP Tom Speck | Batting: RHB Gerald Taylor | 0-0: Foul Ball, location: 2F 0-1: Ball 1-1: Ball 2-1: Called Strike 2-2: Foul Ball, location: 2F 2-2: Foul Ball, location: 2F 2-2: Foul Ball, location: 2F 2-2: Strikes out looking | Batting: RHB Santiago Hernández | 0-0: Called Strike 0-1: DOUBLE (Flyball, 8RD) | Batting: RHB Reed Allen | 0-0: Called Strike 0-1: Foul Ball, location: 2F 0-2: Ball 1-2: Foul Ball, location: 2F 1-2: Ball 2-2: Ball 3-2: Base on Balls | Batting: RHB Mike Morrow | 0-0: Fly out, F7 (Flyball, 7LMF) | Batting: SHB Ryan Roberts | 0-0: Called Strike 0-1: Ball 1-1: Ball 2-1: DOUBLE (Line Drive, 89M) Santiago Hernández scores Reed Allen to third Runner from 3rd tries for Home, SAFE, no throw | Batting: LHB Sergio García | 0-0: Ball 1-0: Ball 2-0: Ball 3-0: Called Strike 3-1: Foul Ball, location: 2F 3-2: Foul Ball, location: 2F 3-2: Fly out, F8 (Flyball, 8RS) | Top of the 5th over - 2 runs, 2 hits, 0 errors, 1 left on base; Baylor 4 - Mississippi State 3 | BOTTOM OF THE 5TH |
---|
Mississippi State Bulldogs batting - Pitching for Baylor Bears : RHP Enrique Bernal | Batting: SHB Tom Stewart | 0-0: Ball 1-0: Called Strike 1-1: Ground out 6-3 (Groundball, 6) | Batting: RHB Dan Cross | 0-0: Fly out, F6 (Flyball, 6MD) | Batting: SHB Jessie Teague | 0-0: Called Strike 0-1: Fly out, F8 (Flyball, 8LS) | Bottom of the 5th over - 0 runs, 0 hits, 0 errors, 0 left on base; Baylor 4 - Mississippi State 3 | TOP OF THE 6TH |
---|
Baylor Bears batting - Pitching for Mississippi State Bulldogs : RHP Tom Speck | Batting: RHB Richard Jeffries | 0-0: Swinging Strike 0-1: Swinging Strike 0-2: Fly out, F7 (Line Drive, 7S) | Pitching: RHP Alonso Dupree | | Batting: RHB Lloyd Arnette | 0-0: Swinging Strike 0-1: Ball 1-1: Ball 2-1: Called Strike 2-2: Strikes out swinging | Batting: LHB Alan Jones | 0-0: Called Strike 0-1: Ball 1-1: SINGLE (Groundball, 6MS) (infield hit) | Batting: RHB Gerald Taylor | 0-0: Called Strike 0-1: Ball 1-1: Ball 2-1: Ball 3-1: Base on Balls Alan Jones to second | Batting: RHB Santiago Hernández | 0-0: Fly out, F8 (Flyball, 8RD) | Top of the 6th over - 0 runs, 1 hit, 0 errors, 2 left on base; Baylor 4 - Mississippi State 3 | BOTTOM OF THE 6TH |
---|
Mississippi State Bulldogs batting - Pitching for Baylor Bears : RHP Enrique Bernal | Batting: RHB Brian Hoover | 0-0: Ball 1-0: Ball 2-0: Ball 3-0: Called Strike 3-1: Called Strike 3-2: Base on Balls | Batting: RHB Ernesto Sánchez | 0-0: Swinging Strike 0-1: Ball 1-1: SINGLE (Groundball, 6D) Brian Hoover to second | Batting: SHB Matthew Hughes | 0-0: Ball 1-0: 3-RUN HOME RUN (Flyball, 9LD), Distance : 338 ft | Pitching: LHP Rob Grant | | Batting: RHB Héctor Garza | 0-0: Ball 1-0: Called Strike 1-1: Ball 2-1: SINGLE (Groundball, 6D) | Batting: RHB John O'Brien | 0-0: Ball 1-0: Ball 2-0: Ball 3-0: Called Strike 3-1: Base on Balls Héctor Garza to second | Batting: RHB Hunter Hudson | 0-0: Called Strike 0-1: Ball 1-1: Foul Ball, location: 2F 1-2: SINGLE (Groundball, 56D) Héctor Garza to third John O'Brien to second | Batting: SHB Tom Stewart | 0-0: Foul Ball, location: 2F 0-1: Foul Ball, location: 2F 0-2: Fly out, F8 (Flyball, 8RD) Runner from 3rd tags up, SCORES, throw made | Batting: RHB Dan Cross | 0-0: Ball 1-0: Swinging Strike 1-1: Swinging Strike 1-2: Fly out, F8 (Flyball, 8LD) Runner from 2nd tags up, OUT at 3rd | Bottom of the 6th over - 4 runs, 4 hits, 0 errors, 1 left on base; Baylor 4 - Mississippi State 7 | TOP OF THE 7TH |
---|
Baylor Bears batting - Pitching for Mississippi State Bulldogs : RHP Alonso Dupree | Batting: RHB Reed Allen | 0-0: Called Strike 0-1: Ground out 3-1 (Groundball, 34) | Batting: RHB Mike Morrow | 0-0: Called Strike 0-1: Ball 1-1: Called Strike 1-2: Foul Ball, location: 2F 1-2: Ground out 4-3 (Groundball, 4) | Batting: SHB Ryan Roberts | 0-0: Called Strike 0-1: Ball 1-1: Ball 2-1: Swinging Strike 2-2: Foul Ball, location: 2F 2-2: SOLO HOME RUN (Flyball, 9D), Distance : 370 ft | Batting: LHB Sergio García | 0-0: Ball 1-0: Foul Ball, location: 2F 1-1: Swinging Strike 1-2: Strikes out swinging | Top of the 7th over - 1 run, 1 hit, 0 errors, 0 left on base; Baylor 5 - Mississippi State 7 | BOTTOM OF THE 7TH |
---|
Mississippi State Bulldogs batting - Pitching for Baylor Bears : LHP Rob Grant | Batting: SHB Jessie Teague | 0-0: Ball 1-0: Foul Ball, location: 2F 1-1: Ball 2-1: Foul Ball, location: 2F 2-2: Foul Ball, location: 2F 2-2: Strikes out swinging | Batting: RHB Brian Hoover | 0-0: DOUBLE (Line Drive, 78D) | Batting: RHB Ernesto Sánchez | 0-0: Intentional Walk | Batting: SHB Matthew Hughes | 0-0: Called Strike 0-1: Fly out, F7 (Flyball, 7D) | Batting: RHB Héctor Garza | 0-0: Ground out 4-3 (Groundball, 4) | Bottom of the 7th over - 0 runs, 1 hit, 0 errors, 2 left on base; Baylor 5 - Mississippi State 7 | TOP OF THE 8TH |
---|
Baylor Bears batting - Pitching for Mississippi State Bulldogs : RHP Alonso Dupree | Batting: RHB Richard Jeffries | 0-0: Ground out 6-3 (Groundball, 6) | Batting: RHB Lloyd Arnette | 0-0: Ball 1-0: Fly out, F4 (Flyball, 34D) | Batting: LHB Alan Jones | 0-0: Ground out 4-3 (Groundball, 4) | Top of the 8th over - 0 runs, 0 hits, 0 errors, 0 left on base; Baylor 5 - Mississippi State 7 | BOTTOM OF THE 8TH |
---|
Mississippi State Bulldogs batting - Pitching for Baylor Bears : LHP Rob Grant | Batting: RHB John O'Brien | 0-0: Ball 1-0: Ground out 4-3 (Groundball, 4M) | Batting: RHB Hunter Hudson | 0-0: Foul Ball, location: 2F 0-1: Swinging Strike 0-2: Ball 1-2: Ball 2-2: Ball 3-2: Fly out, F6 (Line Drive, 6) | Batting: SHB Tom Stewart | 0-0: Swinging Strike 0-1: Ball 1-1: Ball 2-1: Ball 3-1: Base on Balls | Batting: RHB Dan Cross | 0-0: Called Strike 0-1: Ball 1-1: SINGLE (Line Drive, 7S) Tom Stewart to second | Batting: SHB Jessie Teague | 0-0: Ball 1-0: Foul Ball, location: 2F 1-1: Ball 2-1: Foul Ball, location: 2F 2-2: Ball 3-2: Base on Balls Tom Stewart to third Dan Cross to second | Batting: RHB Brian Hoover | 0-0: Called Strike 0-1: Ball 1-1: Ball 2-1: Swinging Strike 2-2: Fielders Choice at 2nd, 6-4 (Groundball, 6) | Bottom of the 8th over - 0 runs, 1 hit, 0 errors, 3 left on base; Baylor 5 - Mississippi State 7 | TOP OF THE 9TH |
---|
Baylor Bears batting - Pitching for Mississippi State Bulldogs : RHP Alonso Dupree | Pitching: RHP Rubén Romero | | Batting: RHB Gerald Taylor | 0-0: Foul Ball, location: 2F 0-1: Fly out, F8 (Flyball, 8RM) | Batting: RHB Santiago Hernández | 0-0: Ball 1-0: SINGLE (Line Drive, 34D) | Batting: RHB Reed Allen | 0-0: Fly out, F9 (Flyball, 9) | Batting: RHB Mike Morrow | 0-0: Swinging Strike 0-1: Ball Wild Pitch! Santiago Hernández to second 1-1: Foul Ball, location: 2F 1-2: Ball 2-2: Strikes out swinging | Top of the 9th over - 0 runs, 1 hit, 0 errors, 1 left on base; Baylor 5 - Mississippi State 7 | |